 Dungeon Crawl Stone Soup version 0.27-a0-1184-ge86db4a01e (webtiles) character file.

Game seed: 865256900670746848

5 Shayle the Magician (level 1, -2/10 HPs)
             Began as a Deep Elf Hedge Wizard on May 18, 2021.
             Slain by a quokka (5 damage)
             ... on level 1 of the Dungeon.
             The game lasted 00:01:16 (301 turns).

Shayle the Magician (Deep Elf Hedge Wizard)          Turns: 301, Time: 00:01:17

Health: -2/10      AC:  2    Str:  7    XL:     1   Next: 66%
Magic:  2/7        EV: 12    Int: 18    God:
Gold:   24         SH:  0    Dex: 14    Spells: 7/8 levels left

rFire    . . .     SeeInvis .   a - +0 dagger
rCold    . . .     Faith    .   (no shield)
rNeg     . . .     Spirit   .   b - +0 robe
rPois    .         Reflect  .   c - +0 hat
rElec    .         Harm     .   (no cloak)
rCorr    .         Rampage  .   (no gloves)
Will     .....                  (no boots)
Stlth    ++........             (no amulet)
HPRegen  0.03/turn              (no ring)
MPRegen  0.10/turn              (no ring)

@: very slightly contaminated
A: no striking features
a: no special abilities


You were on level 1 of the Dungeon.
You visited 1 branch of the dungeon, and saw 1 of its levels.

You collected 24 gold pieces.

Inventory:

Hand Weapons
 a - a +0 dagger (weapon)
Armour
 b - a +0 robe (worn)
 c - a +0 hat (worn)
 d - a +0 buckler
Scrolls
 e - a scroll of summoning {unknown}
Potions
 f - a potion of lignification {unknown}


   Skills:
 + Level 0.2 Fighting
 - Level 2.4 Dodging
 - Level 2.4 Stealth
 - Level 4.4 Spellcasting
 + Level 1.3 Conjurations
 + Level 1.3 Summonings
 + Level 1.3 Translocations


You had 7 spell levels left.
You knew the following spells:

 Your Spells              Type           Power      Damage    Failure   Level
a - Magic Dart            Conj           32%        1d4       9%          1

Your spell library contained the following spells:

 Spells                   Type           Power      Damage    Failure   Level
 Blink                    Tloc           N/A        N/A       12%         2
 Call Imp                 Summ           8%         N/A       12%         2
 Beastly Appendage        Tmut           6%         N/A       14%         1
 Slow                     Hex            3%         N/A       22%         2
 Wereblood                Tmut           3%         N/A       22%         2
 Conjure Flame            Conj/Fire      6%         6-21      32%         3
 Mephitic Cloud           Conj/Pois/Air  5%         N/A       34%         3
 Spider Form              Tmut/Pois      1%         N/A       38%         3
 Ice Form                 Ice/Tmut       3%         N/A       80%         4
 Hydra Form               Tmut           1%         N/A       98%         5


Dungeon Overview and Level Annotations

Branches:
Dungeon (1/15)

Altars:


Message History

Aiming: Magic Dart (safe; 9% risk of failure)
Press: ? - help, Shift-Dir - straight line, f - quokka
Aim: a quokka (100% to hit)
The magic dart hits the quokka but does no damage.
The quokka closely misses you.
Casting: Magic Dart (safe; 9% risk of failure)
Confirm with . or Enter, or press ? or * to list all spells.
Aiming: Magic Dart (safe; 9% risk of failure)
Press: ? - help, Shift-Dir - straight line, f/p - quokka
Aim: a quokka (100% to hit)
You miscast Magic Dart.
You are very lightly contaminated with residual magic.
Nothing appears to happen.
The quokka closely misses you.
Casting: Magic Dart (safe; 9% risk of failure)
Confirm with . or Enter, or press ? or * to list all spells.
Aiming: Magic Dart (safe; 9% risk of failure)
Press: ? - help, Shift-Dir - straight line, f/p - quokka
Aim: a quokka (100% to hit)
The magic dart hits the quokka.
The quokka is moderately wounded.
The quokka bites you.
Casting: Magic Dart (safe; 9% risk of failure)
Confirm with . or Enter, or press ? or * to list all spells.
Aiming: Magic Dart (safe; 9% risk of failure)
Press: ? - help, Shift-Dir - straight line, f/p - quokka
Aim: a quokka (moderately wounded, 100% to hit)
The magic dart hits the quokka.
The quokka is heavily wounded.
The quokka barely misses you. The quokka bites you.
* * * LOW HITPOINT WARNING * * *
Casting: Magic Dart (safe; 9% risk of failure)
Confirm with . or Enter, or press ? or * to list all spells.
Aiming: Magic Dart (safe; 9% risk of failure)
Press: ? - help, Shift-Dir - straight line, f/p - quokka
Aim: a quokka (heavily wounded, 100% to hit)
The magic dart hits the quokka but does no damage.
The quokka is heavily wounded.
The quokka bites you.
Ouch! That really hurt!
You die...

## ###..# ...#### >##
##'###.# .......
..######...##.#
.......
............#.#
.S..$..
⌠........⌠..#.# .....
............#.# ... .#
..######...##.#
####.#...# '#####
######.###.......#
.....# #...@r.........
<..♣..#
#.#.#.####.....
.....## #.....### ....
#############.#......
...
...................#.#
..
#########>............
. ########.##### #..#
.#


You could see a quokka.

Vanquished Creatures
  A bat (D:1)
  2 kobolds (D:1)
  A frilled lizard (D:1)
  2 rats (D:1)
6 creatures vanquished.

Notes
Turn   | Place    | Note
-------+----------+-------------------------------------------
     0 | D:1      | Shayle the Deep Elf Hedge Wizard began the quest for the
                  | Orb.
     0 | D:1      | Reached XP level 1. HP: 10/10 MP: 7/7
   301 | D:1      | Slain by a quokka

Illustrated notes

Levels and vault maps discovered:
D:1:      minmay_arrival_split_and_join, layout_basic,
          shapermc_ecumenical_altar_mp_vishouse

Action                   || total
-------------------------++-------
Melee: Dagger            ||     1
 Cast: Magic Dart        ||    16
Armor: Robe              ||     3
Dodge: Dodged            ||     4

Table legend: (Time is in decaauts)
 A = Elapsed time spent in this place.
 B = Non-inter-level travel time spent in this place.
 C = Inter-level travel time spent in this place.
 D = Time resting spent in this place.
 E = Time spent auto-exploring this place.
 F = Levels seen in this place.
 G = Mean time per level.
                   A        B        C        D        E       F      G
               +--------+--------+--------+--------+--------+-----+--------+
         Total |    301 |    301 |      0 |     86 |    158 |   1 |  301.0 |
       Dungeon |    301 |    301 |      0 |     86 |    158 |   1 |  301.0 |
               +--------+--------+--------+--------+--------+-----+--------+

Top non-repeatable levels by time:
     D:1: 301 daAuts
